 Dungeon Crawl Stone Soup version 0.30.0-29-ga12c61a403 (webtiles) character file.

Game seed: 10746319887286323206

70 AIAndy the Fighter (level 4, -9/45 HPs)
             Began as a Gnoll Wanderer on June 25, 2023.
             Killed by nerve-wracking pain
             ... invoked by Grinder
              (11 damage)
             ... on level 3 of the Dungeon.
             The game lasted 00:07:56 (1565 turns).

AIAndy the Fighter (Gnoll Wanderer)                 Turns: 1565, Time: 00:07:57

Health: -9/45      AC: 10    Str: 11    XL:     4   Next: 21%
Magic:  5/5        EV:  8    Int: 10    God:
Gold:   107        SH:  6    Dex: 15    Spells: 5/5 levels left

rFire   . . .        a - +2 dagger (drain)
rCold   . . .        d - +0 buckler {AC+3}
rNeg    . . .        k - +0 scale mail
rPois   .            (no helmet)
rElec   .            (no cloak)
rCorr   .            (no gloves)
SInv    .            (no boots)
Will    .....        (no amulet) Stlth
                     g - ring of flight
HPRegen 0.27/turn    (no ring)
MPRegen 0.09/turn

%: no passive effects
@: flying
A: fangs 1, strong nose, distributed training
a: no special abilities


You were on level 3 of the Dungeon.
You visited 1 branch of the dungeon, and saw 3 of its levels.

You collected 107 gold pieces.

Inventory:

Hand Weapons
 a - a +2 dagger of draining (weapon)
 i - a +0 dagger of venom
 l - a +0 sling
Armour
 c - a +0 ring mail
 d - a +0 buckler of protection (worn)
 k - a +0 scale mail (worn)
 n - a +1 robe of cold resistance
Jewellery
 g - a ring of flight (left hand)
Scrolls
 e - a scroll of fear {unknown}
 f - 6 scrolls of identify {unknown}
 h - a scroll of magic mapping {unknown}
 m - a scroll of summoning {unknown}
Potions
 b - 2 potions of attraction
 j - a potion of mutation {unknown}
 o - a potion of brilliance {unknown}
 p - a potion of cancellation {unknown}


   Skills:
 + Level 8.5 Fighting
 + Level 1.1 Short Blades
 + Level 1.1 Long Blades
 + Level 1.1 Axes
 + Level 1.1 Maces & Flails
 + Level 1.1 Polearms
 + Level 1.1 Staves
 + Level 1.1 Ranged Weapons
 + Level 1.1 Throwing
 + Level 6.6 Armour
 + Level 1.1 Dodging
 + Level 1.1 Stealth
 + Level 6.6 Shields
 + Level 1.1 Unarmed Combat
 + Level 1.1 Spellcasting
 + Level 0.8 Conjurations
 + Level 0.8 Hexes
 + Level 0.8 Summonings
 + Level 0.8 Necromancy
 + Level 0.8 Translocations
 + Level 0.8 Transmutations
 + Level 0.8 Fire Magic
 + Level 0.8 Ice Magic
 + Level 0.8 Air Magic
 + Level 0.8 Earth Magic
 + Level 0.8 Poison Magic
 + Level 1.2 Invocations
 + Level 1.1 Evocations


You had 5 spell levels left.
You didn't know any spells.
Your spell library contained the following spells:

 Spells                   Type           Power      Damage    Failure   Level
 Beastly Appendage        Tmut           4%         N/A       85%         1
 Wereblood                Tmut           2%         N/A       94%         2
 Spider Form              Tmut/Pois      2%         N/A       99%         3


Dungeon Overview and Level Annotations

Branches:
Dungeon (3/15)

Altars:

Annotations:
D:3 Grinder


Innate Abilities, Weirdness & Mutations

You have very sharp teeth.
Your uncanny sense of smell can sniff out nearby items.
Your experience applies equally to all skills.


Message History

Grinder gestures at you.
You suddenly lose the ability to move!
Grinder hits you but does no damage. Grinder hits you.
You writhe in agony.
Grinder hits you.
You writhe in agony.
Grinder hits you.
You writhe in agony.
* * * LOW HITPOINT WARNING * * *
Grinder hits you.
* * * LOW HITPOINT WARNING * * *
You can move again.
You hit Grinder.
Grinder is severely wounded.
Grinder blinks!
Okay, then.
Grinder hits you.
* * * LOW HITPOINT WARNING * * *
You hit Grinder but do no damage.
Grinder is severely wounded.
Grinder hits you.
* * * LOW HITPOINT WARNING * * *
You writhe in agony.
* * * LOW HITPOINT WARNING * * *
You hit Grinder.
Grinder is severely wounded.
You block Grinder's attack.
Okay, then.
Okay, then.
You aren't carrying any items that you can evoke.
Unknown command.
You don't know any spells.
Unknown command.
Okay, then.
You hit Grinder.
Grinder is severely wounded.
You block Grinder's attack.
You hit Grinder but do no damage.
Grinder is severely wounded.
Grinder gestures at you. Pain shoots through your body!
You die...

################
#.....5....##..#
#......@.......#
#.......†..###.#
...........# #.#
#..>.......#
#.##
...........#
#..#
...........#
##.#
...........# #.#
.########### #.#
#.#


You could see Grinder.

Vanquished Creatures
  A gnoll (D:1)
  2 adders
  A dart slug (D:2)
  An endoplasm (D:1)
  A giant cockroach (D:1)
  5 goblins
  5 hobgoblins
  7 jackals
  4 ball pythons
  2 bats
  7 kobolds
  3 rats
39 creatures vanquished.

Notes
Turn   | Place    | Note
-------+----------+-------------------------------------------
     0 | D:1      | AIAndy the Gnoll Wanderer began the quest for the Orb.
     0 | D:1      | AIAndy set off with the following items: a +0 dagger, 2
                  | potions of attraction, a +0 ring mail, a +0 buckler of
                  | protection.
     0 | D:1      | Reached XP level 1. HP: 26/26 MP: 1/1
   208 | D:1      | Reached XP level 2. HP: 28/33 MP: 2/2
   476 | D:1      | Reached XP level 3. HP: 36/38 MP: 3/3
   803 | D:1      | Reached skill level 1 in Invocations
   917 | D:2      | Reached skill level 1 in Short Blades
   917 | D:2      | Reached skill level 1 in Long Blades
   917 | D:2      | Reached skill level 1 in Axes
   917 | D:2      | Reached skill level 1 in Maces & Flails
   917 | D:2      | Reached skill level 1 in Polearms
   917 | D:2      | Reached skill level 1 in Staves
   917 | D:2      | Reached skill level 1 in Ranged Weapons
   917 | D:2      | Reached skill level 1 in Throwing
   917 | D:2      | Reached skill level 1 in Dodging
   917 | D:2      | Reached skill level 1 in Stealth
   917 | D:2      | Reached skill level 1 in Unarmed Combat
   917 | D:2      | Reached skill level 1 in Spellcasting
   917 | D:2      | Reached skill level 1 in Evocations
   937 | D:2      | Found a faded altar of an unknown god.
  1431 | D:3      | Reached XP level 4. HP: 45/45 MP: 5/5
  1514 | D:3      | Noticed Grinder
  1518 | D:3      | Paralysed by Grinder for 5 turns
  1534 | D:3      | Paralysed by Grinder for 2 turns
  1554 | D:3      | Paralysed by Grinder for 5 turns
  1562 | D:3      | HP: 1/45 [Grinder (5)]
  1565 | D:3      | Killed from afar by Grinder

Illustrated notes

Levels and vault maps discovered:
D:1:      psy_arrival_dodecagon, layout_loops_ring
D:2:      layout_basic, chequers_ecumenical_altar_simple_redux
D:3:      layout_rooms, lemuel_coloured_pillars_altar,
          nicolae_overflow_two_pavilions, uniq_grinder

Skill      XL: |  1  2  3 |
---------------+----------+-----
Invocations    | 1 |  1.2
Short Blades   | 1 |  1.1
Long Blades    | 1 |  1.1
Axes           | 1 |  1.1
Maces & Flails | 1 |  1.1
Polearms       | 1 |  1.1
Staves         | 1 |  1.1
Ranged Weapons | 1 |  1.1
Throwing       | 1 |  1.1
Dodging        | 1 |  1.1
Stealth        | 1 |  1.1
Unarmed Combat | 1 |  1.1
Spellcasting   | 1 |  1.1
Evocations     | 1 |  1.1
Fighting       | |  8.5
Armour         | |  6.6
Shields        | |  6.6
Conjurations   | |  0.8
Hexes          | |  0.8
Summonings     | |  0.8
Necromancy     | |  0.8
Translocations | |  0.8
Transmutations | |  0.8
Fire Magic     | |  0.8
Ice Magic      | |  0.8
Air Magic      | |  0.8
Earth Magic    | |  0.8
Poison Magic   | |  0.8

Action                     |  1- 3 |  4- 6 || total
---------------------------+-------+-------++-------
  Melee: Dagger            |   168 |    23 ||   191
         Bite              |    15 |     3 ||    18
   Fire: Sling             |    20 |    13 ||    33
 Armour: Ring mail         |    64 |       ||    64
         Scale mail        |    17 |     6 ||    23
  Dodge: Dodged            |    74 |     6 ||    80
  Block: Buckler           |    31 |     3 ||    34
